 Dungeon Crawl Stone Soup version 0.13-a0-1804-g486adc7 (webtiles) character file.

172 Juliette the Cudgeler (level 4, 0/40 HPs)
             Began as a Minotaur Fighter on June 24, 2013.
             Slain by a killer bee (2 damage)
             ... on Level 3 of the Dungeon.
             The game lasted 00:10:10 (1713 turns).

Juliette the Cudgeler (Minotaur Fighter)            Turns: 1713, Time: 00:10:10

HP   0/40        AC  6     Str 21      XL: 4   Next:  7%
MP   1/1         EV  9     Int  5      God:
Gold 100         SH  0     Dex 10      Spells:  0 memorised,  3 levels left

Res.Fire  : . . .   See Invis. : .   t - -1,-3 whip (curse)
Res.Cold  : . . .   Warding    : .   j - +0 scale mail
Life Prot.: . . .   Conserve   : .   (no shield)
Res.Poison: .       Res.Corr.  : .   (helmet restricted)
Res.Elec. : .       Clarity    : .   (no cloak)
Sust.Abil.: . .     Spirit.Shd : .   (no gloves)
Res.Mut.  : .       Stasis     : .   (no boots)
Res.Rott. : .       Flight     : .   (no amulet)
Saprovore : . . .                    (no ring)
                                     (no ring)

@: slightly resistant to hostile enchantments, extremely unstealthy
A: retaliatory headbutt, horns 2
a: no special abilities


You were on level 3 of the Dungeon.
You were hungry.

You visited 1 branch of the dungeon, and saw 3 of its levels.

You collected 80 gold pieces.

Inventory:

Hand weapons
 a - a +0,+0 mace
 g - a +0,+0 sling
 l - a +1,+0 whip
 t - a cursed -1,-3 whip (weapon)
Missiles
 v - 21 sling bullets
Armour
 b - a +0 scale mail
 c - a +0 shield
 j - a +0 scale mail (worn)
 m - a +0 orcish ring mail
 o - a +0 scale mail
 y - a +0 scale mail
Comestibles
 d - a bread ration
 r - 2 pears
 u - a chunk of giant newt flesh
 x - a chunk of adder flesh
 z - a rotting chunk of rat flesh
 B - 6 chunks of jackal flesh
Scrolls
 e - 4 scrolls of identify {unknown}
 i - a scroll of enchant armour {unknown}
 n - a scroll of recharging {unknown}
 p - 2 scrolls of remove curse {unknown}
 s - 2 scrolls of fear {unknown}
 w - a scroll of amnesia {unknown}
Potions
 f - a potion of beneficial mutation {unknown}
 h - 5 potions of curing {unknown}
 k - a potion of brilliance {unknown}
 q - a potion of degeneration {unknown}
 A - a potion of mutation {unknown}


   Skills:
 - Level 4.1 Fighting
 * Level 5.1 Maces & Flails
 - Level 3.6 Armour
   Level 3.6 Shields


You had 3 spell levels left.
You didn't know any spells.

Dungeon Overview and Level Annotations

Branches:
Dungeon (3/27)

Altars:
Makhleb


Innate Abilities, Weirdness & Mutations

You reflexively headbutt those who attack you in melee.
You have a pair of horns on your head.


Message History

The killer bee stings you.
* * * LOW HITPOINT WARNING * * *
The killer bee stings you.
* * * LOW HITPOINT WARNING * * *
The hobgoblin closely misses you. The killer bee closely misses you.
The killer bee completely misses you. The giant cockroach bites you.
* * * LOW HITPOINT WARNING * * *
You barely miss the killer bee.
The killer bee is severely wounded.
The killer bee stings you but does no damage.
The killer bee closely misses you. The hobgoblin hits you.
* * * LOW HITPOINT WARNING * * *
The killer bee stings you but does no damage.
The killer bee closely misses you. You furiously retaliate!
You headbutt the killer bee.
The giant cockroach bites you but does no damage.
You hit the killer bee.
The killer bee is almost dead.
The killer bee stings you.
You die...

##....................
#...##....##..........
#...##....##..........
###..........#######....
#............# .....
#............# . ...
#........#.###... .
#........#.# ....
#......@k#.#.....
#.....gksk........
#......k..........
#........$........
#................
.......#......#.
#.....#....###
........### .......#


You could see 4 killer bees, a giant cockroach and a hobgoblin.

Vanquished Creatures
  3 adders
  An inept feature mimic (D:2)
  A giant gecko (D:1)
  An ooze (D:2)
  6 bats
  6 hobgoblins
  9 jackals
  2 giant cockroaches
  4 giant newts
  4 goblins
  3 kobolds
  8 rats
48 creatures vanquished.

Vanquished Creatures (others)
  A rat (D:2)
1 creature vanquished.

Grand Total: 49 creatures vanquished

Notes
Turn   | Place    | Note
--------------------------------------------------------------
     0 | D:1      | Juliette, the Minotaur Fighter, began the quest for the Orb.
     0 | D:1      | Reached XP level 1. HP: 19/19 MP: 0/0
    27 | D:1      | Reached skill level 4 in Fighting
    91 | D:1      | Reached XP level 2. HP: 25/27 MP: 0/0
   850 | D:2      | Reached XP level 3. HP: 33/33 MP: 1/1
  1503 | D:2      | Found a burning altar of Makhleb.
  1598 | D:3      | Reached skill level 5 in Maces & Flails
  1677 | D:3      | Reached XP level 4. HP: 36/40 MP: 1/1
  1711 | D:3      | HP: 2/40 [giant cockroach (1)]
  1713 | D:3      | Slain by a killer bee

Action                   |  1- 3 |  4- 6 || total
-------------------------+-------+-------++-------
Melee: Mace              |    34 |       ||    34
       Whip              |   109 |     7 ||   116
